 Dungeon Crawl Stone Soup version 0.19.5 (webtiles) character file.

25379 doot the Unseen (level 12, -7/54 HPs)
             Began as a Spriggan Enchanter on May 5, 2017.
             Was a Follower of Uskayaw.
             Killed by divine providence
             ... invoked by Saint Roka
              (17 damage)
             ... on level 2 of the Orcish Mines.
             The game lasted 01:16:01 (14080 turns).

doot the Unseen (Spriggan Enchanter)               Turns: 14080, Time: 01:16:01

Health: -7/54      AC:  5    Str:  4    XL:     12   Next: 89%
Magic:  33/35      EV: 26    Int: 18    God:    Uskayaw [*.....]
Gold:   1126       SH:  0    Dex: 20    Spells: 5 memorised, 14 levels left

rFire  . . .     SeeInvis +     R - +9 dagger of Naphoh {vamp, rPois}
rCold  . . .     Gourm    .     S - +0 troll leather armour
rNeg   . . .     Faith    .     (shield restricted)
rPois  +         Spirit   .     (helmet restricted)
rElec  .         Reflect  .     E - +0 cloak
rCorr  .         Harm     .     (gloves unavailable)
MR     +++..                    (boots unavailable)
Stlth  +++++++...               (no amulet)
                                x - ring of magical power
                                a - ring of protection from magic (curse)

@: very quick
A: unfitting armour, see invisible, herbivore 3, speed 3, slow metabolism 2
a: Stomp, Renounce Religion


You were on level 2 of the Orcish Mines.
You worshipped Uskayaw.
Uskayaw was noncommittal.
You were not hungry.

You visited 3 branches of the dungeon, and saw 14 of its levels.

You collected 1322 gold pieces.
You spent 196 gold pieces at shops.

Inventory:

Hand Weapons
 k - a +1 dagger of venom
 R - the +9 dagger of Naphoh (weapon) {vamp, rPois}
   (You bought it in a shop on level 7 of the Dungeon)

   It inflicts no extra harm, but heals its wielder when it wounds a living foe.
   It protects you from poison.
 U - a +0 blowgun
Missiles
 t - 4 curare-tipped needles
 C - 62 poisoned needles
Armour
 E - a +0 cloak (worn)
 L - a +1 robe of cold resistance
 S - a +0 troll leather armour (worn)
Magical Staves
 Q - an uncursed staff of wizardry
Jewellery
 a - a cursed ring of protection from magic (left hand)
 r - an uncursed ring of flight
 x - a ring of magical power (right hand)
 y - a +4 ring of strength
 z - an uncursed ring of fire {unknown}
 O - an uncursed ring of protection from cold
 X - an uncursed ring of wizardry
Wands
 n - a wand of lightning (0/15)
 A - a wand of acid (8/15)
 J - a wand of iceblast (7/15)
 Z - a wand of flame (16/48)
Scrolls
 e - a scroll of noise
 f - 7 scrolls of identify
 g - 2 scrolls of random uselessness {unknown}
 i - a scroll of enchant armour {unknown}
 l - 2 scrolls of immolation {unknown}
 o - 3 scrolls of remove curse
 s - 2 scrolls of magic mapping {unknown}
 w - 6 scrolls of fog
 B - a scroll of amnesia
 G - a scroll of recharging {unknown}
 I - a scroll of enchant weapon {unknown}
 M - a scroll of blinking {unknown}
 N - a scroll of vulnerability {unknown}
 P - 8 scrolls of teleportation
Potions
 h - 2 potions of lignification {unknown}
 j - 2 potions of resistance {unknown}
 m - a potion of degeneration {unknown}
 p - a potion of might {unknown}
 q - 3 potions of curing {unknown}
 u - 2 potions of brilliance {unknown}
 v - 3 potions of heal wounds
 D - a potion of mutation {unknown}
 F - 2 potions of magic {unknown}
 H - 2 potions of agility {unknown}
 K - a potion of cancellation {unknown}
 V - a potion of ambrosia {unknown}
 W - a potion of experience {unknown}
Books
 b - a book of Air

   Spells                             Type                      Level
   a - Shock                          Conjuration/Air              1
   b - Swiftness                      Charms/Air                   2
   c - Repel Missiles                 Charms/Air                   2
   d - Static Discharge               Conjuration/Air              3
   e - Lightning Bolt                 Conjuration/Air              5
 c - a book of Maledictions

   Spells                             Type                      Level
   a - Corona                         Hexes                        1
   b - Ensorcelled Hibernation        Hexes/Ice                    2
   c - Confuse                        Hexes                        3
   d - Tukima's Dance                 Hexes                        3
   e - Dazzling Spray                 Conjuration/Hexes            3
 Y - a book of Debilitation

   Spells                             Type                      Level
   a - Corona                         Hexes                        1
   b - Slow                           Hexes                        2
   c - Gell's Gravitas                Hexes/Translocation          3
   d - Inner Flame                    Hexes/Fire                   3
   e - Cause Fear                     Hexes                        4
   f - Leda's Liquefaction            Hexes/Earth                  4
Comestibles
 d - 6 bread rations
 T - 2 royal jellies


   Skills:
 + Level 2.3 Fighting
 * Level 9.4 Short Blades
 + Level 1.3 Armour
 * Level 12.0 Dodging
 * Level 18.0 Stealth
 + Level 9.3 Spellcasting
 * Level 12.0 Hexes
 + Level 3.6 Ice Magic
 * Level 2.3 Invocations


You had 14 spell levels left.
You knew the following spells:

 Your Spells              Type           Power        Failure   Level  Hunger
a - Cause Fear            Hex            ######....   1%          4    ###....
b - Ensorcelled Hibernat  Hex/Ice        #####.       1%          2    None
c - Confuse               Hex            ######..     1%          3    None
d - Tukima's Dance        Hex            ######..     1%          3    None
e - Dazzling Spray        Conj/Hex       ####..       4%          3    None


Dungeon Overview and Level Annotations

Branches:
Dungeon (11/15)            Temple (1/1) D:5            Lair (0/6) D:11
    Orc (2/2) D:11            Elf (0/3) Orc:2

Altars:
Ashenzari
Cheibriados
Dithmenos
Elyvilon
Fedhas
Gozag
Hepliaklqana
Kikubaaqudgha
Makhleb
Nemelex Xobeh
Okawaru
Qazlal
Ru
Sif Muna
Trog
Uskayaw
Vehumet
Xom
Yredelemnul
Zin
The Shining One
Beogh

Shops:
D:6 (?[   D:7 %(*[   Orc:1 }   Orc:2 ![

Annotations:
Orc:2 Saint Roka


Innate Abilities, Weirdness & Mutations

You are very small and have problems with some larger weapons.
You are too small for most types of armour.
You have supernaturally acute eyesight. (SInv)
You are a herbivore.
You cover ground extremely quickly.
You need consume almost no food.


Message History

Things that are here:
a dagger; a robe; an orc corpse
Things that are here:
a plate armour; a short sword; an orc corpse
Things that are here:
a vampiric dagger; an orc corpse The orc no longer looks unusually strong.
There is a stone staircase leading up here.
Casting: Ensorcelled Hibernation
Confirm with . or Enter, or press ? or * to list all spells.
Aiming: Confuse
Press: ? - help, Shift-Dir - straight line, f - orc
Aim: an orc, wielding an enchanted flail and wearing a glowing leather armour (chance to defeat MR: 85%)
The orc appears confused.
Saint Roka mumbles some strange prayers to Beogh against you.
Beogh smites you!
* * * LOW HITPOINT WARNING * * *
Saint Roka calls down the wrath of Beogh upon you.
Beogh smites you!
You die...

....[[)[.....##............###
.###[#[.##..#.##o###########
##..[##........[(.#
#.....##.......#.##
.......#......##)##
...8...#....###[..#
..._...#....####[##
#.....##.....##.).#
##.∩.##......###@##
.#####.......# ###
.........##.## .))......####
...)....## ..)......##
.....#....# #...##....###
##.##[......##


You could see Saint Roka.

Vanquished Creatures
  Donald (Orc:2)
  The ghost of emiel the Grappler, a journeyman DrSk of Cheibriados (Orc:2)
  Erolcha (Orc:2)
  Harold (Orc:1)
  A hydra (D:11)
  An orc high priest (Orc:2)
  Sonja (Orc:2)
  Pikel (D:7)
  2 hill giants
  An orc knight (Orc:2)
  2 ugly things (D:11)
  2 orc sorcerers (Orc:2)
  A manticore (D:11)
  9 trolls
  A two-headed ogre (D:8)
  Prince Ribbit (D:5)
  Grinder (D:5)
  2 hippogriffs
  A spriggan (D:7)
  16 yaks
  A wyvern (D:9)
  Grum (D:9)
  A hungry ghost (D:11)
  A mottled dragon (D:11)
  3 wargs
  A soldier ant (D:11)
  2 hell hounds (D:11)
  32 orc warriors
  4 ice beasts
  4 slaves (D:7)
  An eye of draining (D:9)
  A hornet zombie (D:11)
  A black bear (D:8)
  2 phantoms
  2 sky beasts
  A necrophage (D:9)
  7 ogres
  2 wolves (D:9)
  6 centaurs
  2 bullfrogs
  2 big kobolds
  A gnoll sergeant (D:9)
  A wyvern zombie (D:7)
  3 scorpions
  2 wyvern skeletons
  12 killer bees
  7 wights
  6 howler monkeys
  8 crimson imps
  2 bullfrog zombies (D:7)
  A centaur zombie (D:9)
  4 hounds
  3 jellies
  Crazy Yiuf (D:5)
  A centaur skeleton (D:4)
  A quasit (D:8)
  22 orc priests
  32 orc wizards
  Jessica (D:2)
  4 iguanas
  Natasha (twice) (D:2)
  5 worker ants
  2 hound zombies (D:5)
  2 human simulacra (D:9)
  A howler monkey zombie (D:6)
  11 gnolls
  A howler monkey skeleton (D:8)
  13 adders
  3 shadow imps
  3 adder zombies
  An adder skeleton (D:6)
  3 worms
  6 dart slugs
  7 leopard geckos
  104 orcs
  7 giant cockroaches
  13 goblins
  3 hobgoblins
  13 jackals
  3 quokkas
  A ball python (D:4)
  5 bats
  2 frilled lizards
  15 kobolds
  A quokka zombie (D:6)
  5 rats
468 creatures vanquished.

Vanquished Creatures (collateral kills)
  An orc warrior (Orc:2)
  An ogre (D:10)
  An orc priest (D:10)
  3 orcs
6 creatures vanquished.

Vanquished Creatures (others)
  4 dancing weapons
  An orc (Orc:2)
5 creatures vanquished.

Grand Total: 479 creatures vanquished

Notes
Turn   | Place    | Note
-------+----------+-------------------------------------------
     0 | D:1      | doot the Spriggan Enchanter began the quest for the Orb.
     0 | D:1      | Reached XP level 1. HP: 9/9 MP: 5/5
   207 | D:1      | Reached XP level 2. HP: 12/13 MP: 4/6
   211 | D:1      | Learned a level 2 spell: Ensorcelled Hibernation
   226 | D:1      | You fall through a shaft!
   226 | D:2      | Noticed Natasha
   229 | D:2      | Killed Natasha
   229 | D:2      | Reached skill level 5 in Stealth
   229 | D:2      | Reached XP level 3. HP: 16/16 MP: 8/8
   234 | D:2      | Learned a level 3 spell: Confuse
   958 | D:2      | Reached XP level 4. HP: 21/21 MP: 9/9
   978 | D:2      | Found a sacrificial altar of Ru.
  1097 | D:2      | Noticed Jessica
  1101 | D:2      | Killed Jessica
  1287 | D:2      | Reached skill level 6 in Stealth
  1290 | D:2      | Found a shadowy altar of Dithmenos.
  1815 | D:2      | Noticed Natasha
  2078 | D:1      | Learned a level 3 spell: Tukima's Dance
  2110 | D:2      | Killed Natasha
  2110 | D:2      | Reached XP level 5. HP: 24/24 MP: 8/11
  2728 | D:3      | Reached skill level 7 in Stealth
  2949 | D:4      | Reached XP level 6. HP: 28/28 MP: 10/12
  3228 | D:4      | Found an ancient bone altar of Kikubaaqudgha.
  3258 | D:4      | Reached skill level 5 in Hexes
  3291 | D:4      | Found a snail-covered altar of Cheibriados.
  3296 | D:4      | Reached skill level 1 in Ice Magic
  3449 | D:4      | Learned a level 3 spell: Dazzling Spray
  3760 | D:4      | Reached XP level 7. HP: 17/32 MP: 2/14
  3780 | D:4      | Reached skill level 8 in Stealth
  4191 | D:5      | Entered Level 5 of the Dungeon
  4194 | D:5      | Found an ancient bone altar of Kikubaaqudgha.
  4206 | D:5      | Noticed Prince Ribbit
  4243 | D:5      | Reached skill level 5 in Dodging
  4309 | D:5      | Killed Prince Ribbit
  4340 | D:5      | Reached skill level 9 in Stealth
  4383 | D:5      | Found a staircase to the Ecumenical Temple.
  4401 | Temple   | Entered the Ecumenical Temple
  4529 | D:5      | Found a runed door.
  4610 | D:5      | Noticed Crazy Yiuf
  4614 | D:5      | Killed Crazy Yiuf
  4614 | D:5      | Reached XP level 8. HP: 37/37 MP: 16/16
  4861 | D:5      | Found a glowing silver altar of Zin.
  4916 | D:5      | Noticed Grinder
  4935 | D:5      | Killed Grinder
  5033 | D:6      | Reached skill level 10 in Stealth
  5033 | D:6      | Reached skill level 5 in Spellcasting
  5091 | D:6      | Found Ockaxywk's Magic Scroll Boutique.
  5162 | D:6      | Found a hide-covered altar of Uskayaw.
  5173 | D:6      | Found Afabez's Weapon Emporium.
  5199 | D:6      | Found an opulent altar of Gozag.
  5214 | D:6      | Became a worshipper of Uskayaw the Reveler
  5285 | D:6      | You fall through a shaft for 2 floors!
  5291 | D:8      | Reached * piety under Uskayaw
  5297 | D:8      | Reached ** piety under Uskayaw
  5380 | D:8      | Reached skill level 5 in Short Blades
  5389 | D:8      | Reached skill level 11 in Stealth
  5869 | D:6      | Found Linnyina's Antique Armour Shoppe.
  5877 | D:6      | Reached XP level 9. HP: 40/40 MP: 18/18
  6018 | D:6      | Reached skill level 1 in Fighting
  6799 | D:7      | Noticed Pikel
  6860 | D:7      | Killed Pikel
  6860 | D:7      | Reached skill level 12 in Stealth
  7218 | D:7      | Found Weschin's Armour Boutique.
  7218 | D:7      | Found Juapan's General Store.
  7244 | D:7      | Found Apesemer's Food Boutique.
  7245 | D:7      | Found Gewiqaid's Antique Weapon Boutique.
  7267 | D:7      | Bought a pitted dagger for 196 gold pieces
  7271 | D:7      | Identified the +9 dagger of Naphoh {vamp, rPois} (You bought it in a shop on level 7 of the Dungeon)
  7577 | D:8      | Reached *** piety under Uskayaw
  7799 | D:8      | Reached XP level 10. HP: 45/45 MP: 21/21
  8129 | D:9      | Reached skill level 13 in Stealth
  8139 | D:9      | Reached **** piety under Uskayaw
  8164 | D:9      | Reached ***** piety under Uskayaw
  8200 | D:9      | Noticed Grum
  8344 | D:9      | Killed Grum
  8881 | D:9      | Reached skill level 14 in Stealth
  9050 | D:10     | Entered Level 10 of the Dungeon
  9076 | D:10     | Found a blossoming altar of Fedhas.
  9077 | D:10     | Noticed a hill giant
  9096 | D:10     | Killed a hill giant
  9152 | D:10     | Found a stormy altar of Qazlal.
  9399 | D:10     | Reached XP level 11. HP: 49/49 MP: 18/23
  9546 | D:10     | Reached skill level 10 in Hexes
  9740 | D:11     | Noticed a six-headed hydra
  9913 | D:11     | Learned a level 4 spell: Cause Fear
  9943 | D:11     | Killed a six-headed hydra
  9998 | D:11     | Reached skill level 15 in Stealth
 10000 | D:11     | Reached skill level 10 in Dodging
 10178 | D:11     | Noticed a cyan ugly thing
 10238 | D:11     | Noticed a hill giant
 10239 | D:11     | Killed a cyan ugly thing
 10244 | D:11     | Killed a hill giant
 10272 | D:11     | Noticed a purple ugly thing
 10439 | D:11     | Reached skill level 16 in Stealth
 10623 | D:11     | Found a staircase to the Lair.
 10770 | D:11     | Reached skill level 1 in Armour
 11353 | D:11     | Killed a purple ugly thing
 11640 | D:11     | Found a staircase to the Orcish Mines.
 11855 | Orc:1    | Entered Level 1 of the Orcish Mines
 11932 | Orc:2    | Entered Level 2 of the Orcish Mines
 11953 | Orc:2    | Noticed Donald
 11963 | Orc:2    | Killed Donald
 11963 | Orc:2    | Reached XP level 12. HP: 54/54 MP: 25/25
 11983 | Orc:2    | Noticed Sonja
 11988 | Orc:2    | Killed Sonja
 12004 | Orc:2    | Found a roughly hewn altar of Beogh.
 12004 | Orc:2    | Found Roukhly's Antique Armour Shoppe.
 12087 | Orc:2    | Noticed emiel's ghost (journeyman DrSk)
 12103 | Orc:2    | Killed emiel's ghost
 12103 | Orc:2    | Reached skill level 17 in Stealth
 12135 | Orc:2    | Found a roughly hewn altar of Beogh.
 12183 | Orc:2    | Found Lixej's Distillery.
 12196 | Orc:2    | Found a staircase to the Elven Halls.
 12466 | Orc:2    | Found a roughly hewn altar of Beogh.
 12561 | Orc:2    | Reached skill level 1 in Invocations
 12800 | Orc:2    | Noticed Saint Roka
 12800 | Orc:2    | Noticed an orc high priest
 12848 | Orc:2    | Noticed Erolcha
 12849 | Orc:2    | Found a roughly hewn altar of Beogh.
 12870 | Orc:2    | Killed Erolcha
 13151 | Orc:1    | Noticed Harold
 13155 | Orc:1    | Found Gesk's Quality Used Wands.
 13156 | Orc:1    | Killed Harold
 13478 | Orc:2    | Killed an orc high priest
 13622 | Orc:2    | Reached skill level 18 in Stealth
 14080 | Orc:2    | Killed from afar by Saint Roka

Skill      XL: |  1  2  3  4  5  6  7  8  9 10 11 12 |
---------------+-------------------------------------+-----
Stealth        | 5 6 7 9 11 12 14 16 18 | 18.0
Hexes          | 4 5 6 7 8 9 11 12 | 12.0
Spellcasting   | 3 4 5 6 7 8 9 |  9.3
Short Blades   | 2 3 4 5 6 7 8 9 |  9.4
Dodging        | 4 5 7 8 9 11 12 | 12.0
Ice Magic      | 1 2 3 |  3.6
Fighting       | 1 2 |  2.3
Armour         | 1 |  1.3
Invocations    | 2 |  2.3

Action                   |  1- 3 |  4- 6 |  7- 9 | 10-12 || total
-------------------------+-------+-------+-------+-------++-------
Melee: Dagger            |    74 |   178 |   291 |   707 ||  1250
 Cast: Corona            |     5 |       |       |       ||     5
       Ensorcelled Hiber |    14 |    34 |    49 |   141 ||   238
       Confuse           |       |    12 |    37 |    64 ||   113
       Tukima's Dance    |       |       |     4 |    14 ||    18
       Cause Fear        |       |       |       |     1 ||     1
Invok: Line Pass         |       |       |     3 |     1 ||     4
Evoke: Wand              |       |       |       |     2 ||     2
  Use: Scroll            |       |       |     2 |     6 ||     8
 Stab: Sleeping          |    17 |    31 |    51 |    98 ||   197
       Confused          |       |     4 |    16 |    32 ||    52
       Distracted        |       |     1 |     3 |    11 ||    15
       Paralysed         |       |       |       |    30 ||    30
       Fleeing           |       |       |       |     1 ||     1
  Eat: Bread ration      |       |     1 |     1 |     1 ||     3
       Fruit             |       |       |     7 |       ||     7
Armor: Robe              |    11 |     6 |    13 |     2 ||    32
       Troll leather arm |       |       |       |    23 ||    23
Dodge: Dodged            |    53 |   107 |   158 |   383 ||   701
